 Dungeon Crawl Stone Soup version 0.19-a0-831-gce7da8b (webtiles) character file.

5023 4thArraOfDagon the Cleaver (level 10, -9/93 HPs)
             Began as a Hill Orc Berserker on June 30, 2016.
             Was a Priest of Trog.
             Mangled by Shenda's ghost (28 damage)
             ... on level 11 of the Dungeon.
             The game lasted 00:12:59 (2341 turns).

4thArraOfDagon the Cleaver (Hill Orc Berserker)     Turns: 2341, Time: 00:12:59

Health: -9/93      AC: 12    Str: 24    XL:     10   Next: 55%
Magic:  10/10      EV:  9    Int: 12    God:    Trog [***...]
Gold:   165        SH:  0    Dex: 10    Spells: 0 memorised, 9 levels left

rFire  . . .     SeeInvis +     m - +1 war axe
rCold  . . .     Gourm    .     j - +0 chain mail
rNeg   . . .     Faith    .     (no shield)
rPois  .         Spirit   .     (no helmet)
rElec  .         Dismiss  .     (no cloak)
rCorr  .         Reflect  .     (no gloves)
SustAt .         Harm     +     l - +0 pair of boots
MR     ++...     Rnd*Rage +     h - amulet of harm
Stlth  ..........               (no ring)
                                g - ring of see invisible

@: brilliant, exhausted, regenerating, slowed, very slow, very resistant to
hostile enchantments, extremely unstealthy
A: berserk 1, MP-powered wands
a: Berserk, Trog's Hand, Burn Spellbooks, Renounce Religion


You were on level 11 of the Dungeon.
You worshipped Trog.
Trog was most pleased with you.
You were not hungry.

You visited 1 branch of the dungeon, and saw 11 of its levels.

You collected 165 gold pieces.

Inventory:

Hand Weapons
 a - a +0 hand axe
 m - a +1 war axe (weapon)
Missiles
 i - 8 curare-tipped needles
Armour
 b - a +0 animal skin
 d - a +0 ring mail
 j - a +0 chain mail (worn)
 l - a +0 pair of boots (worn)
Jewellery
 g - a ring of see invisible (left hand)
 h - an amulet of harm (around neck)
 y - an uncursed amulet of rage
Wands
 e - a wand of polymorph (0/24)
 s - a wand of slowing (29/48)
 z - a wand of random effects (21/48)
 D - a wand of flame (26/48)
Scrolls
 f - 2 scrolls of enchant weapon
 k - a scroll of fear
 r - a scroll of random uselessness {unknown}
 w - a scroll of remove curse {unknown}
 C - 2 scrolls of fog {unknown}
Potions
 o - a potion of haste {unknown}
 p - a potion of agility {unknown}
 u - a potion of curing
Books
 n - a book of Dreams

   Spells                             Type                      Level
   a - Ensorcelled Hibernation        Hexes/Ice                    2
   b - Silence                        Hexes/Air                    5
   c - Darkness                       Hexes                        6
   d - Shadow Creatures               Summoning                    6
   Trog disapproves of the use of such an item.
 v - a book of Debilitation

   Spells                             Type                      Level
   a - Corona                         Hexes                        1
   b - Slow                           Hexes                        2
   c - Gell's Gravitas                Hexes/Translocation          3
   d - Inner Flame                    Hexes/Fire                   3
   e - Cause Fear                     Hexes                        4
   f - Leda's Liquefaction            Hexes/Earth                  4
   Trog disapproves of the use of such an item.
 A - a book of Battle

   Spells                             Type                      Level
   a - Infusion                       Charms                       1
   b - Shroud of Golubria             Charms/Translocation         2
   c - Song of Slaying                Charms                       2
   d - Spectral Weapon                Hexes/Charms                 3
   e - Regeneration                   Charms/Necromancy            3
   Trog disapproves of the use of such an item.
Comestibles
 c - 3 bread rations
 t - 6 chunks of flesh
 x - 2 meat rations
 B - a slice of pizza


   Skills:
 + Level 9.8 Fighting
 * Level 14.0 Axes
 + Level 8.7 Armour
 - Level 1.5 Dodging


You had 9 spell levels left.
You didn't know any spells.

Dungeon Overview and Level Annotations

Branches:
Dungeon (11/15)
 Temple: D:4-7         Lair: D:8-11         Orc: D:9-12

Altars:
Ashenzari
Fedhas
Hepliaklqana
Nemelex Xobeh
Okawaru
Ru
Sif Muna
Trog
Uskayaw
Xom

Annotations:
D:7 Aviak's ghost, novice OpAs
D:11 Shenda's ghost, novice TrMo


Innate Abilities, Weirdness & Mutations

You tend to lose your temper in combat.
You expend magic power (3 MP) to strengthen your wands.


Message History

The hell hound bites you. Shenda's ghost hits you!
* * * LOW HITPOINT WARNING * * *
The hell hound bites you but does no damage.
Unknown command.
Okay, then.
Okay, then.
You feel much better. The hell hound breathes flames at you.
The blast of flame hits you! Shenda's ghost barely misses you.
The hell hound completely misses you. Shenda's ghost hits you.
* * * LOW HITPOINT WARNING * * *
Unknown command.
It was a potion of brilliance.
You feel clever all of a sudden.
The hell hound bites you but does no damage.
The hell hound breathes flames at you. The blast of flame hits you!
* * * LOW HITPOINT WARNING * * *
Shenda's ghost hits you!!
You die...

#..# #..# #..# #..# #..#
#..#
###############..########
..........[......h.......
..............†.@W.......
..################..#####
#.# ..# #.# [.# #.# ...
#.# ..## #.# .§. ... §..


You could see a hell hound and Shenda's ghost.

Vanquished Creatures
  Erolcha (D:8)
  A centaur zombie (D:11)
  Joseph (D:8)
  A shadow (D:11)
  4 yaks (D:11)
  2 hippogriffs
  2 hungry ghosts (D:11)
  A hell hound (D:11)
  2 black bears (D:6)
  A sky beast (D:6)
  2 necrophages (D:8)
  A phantom (D:3)
  2 centaurs
  3 giant frogs
  4 scorpions
  14 killer bees
  3 howler monkeys
  A hound (D:8)
  A jelly (D:8)
  5 orc wizards
  3 orc priests
  2 giant frog skeletons
  2 iguanas
  A worker ant (D:5)
  6 adders
  5 gnolls
  An ooze (D:4)
  3 giant geckos
  27 orcs
  A giant cockroach (D:5)
  A goblin (D:3)
  2 hobgoblins
  A kobold (D:3)
  3 quokkas
  2 bats (D:3)
  2 giant newts
  2 rats
116 creatures vanquished.

Notes
Turn   | Place    | Note
--------------------------------------------------------------
     0 | D:1      | 4thArraOfDagon the Hill Orc Berserker began the quest for the Orb.
     0 | D:1      | Reached XP level 1. HP: 19/19 MP: 1/1
    70 | D:2      | Found a blossoming altar of Fedhas.
    82 | D:2      | Reached XP level 2. HP: 20/27 MP: 2/2
   312 | D:3      | Found a faded altar of an unknown god.
   321 | D:3      | Reached skill level 5 in Axes
   321 | D:3      | Reached XP level 3. HP: 33/33 MP: 3/3
   332 | D:4      | Noticed an ogre
   333 | D:4      | Gained mutation: You are dopey. (Int -2) [potion of mutation]
   333 | D:4      | Gained mutation: You expend magic power (3 MP) to strengthen your wands. [potion of mutation]
   333 | D:4      | Lost mutation: You are dopey. (Int -2) [potion of mutation]
   360 | D:2      | Found a hazy altar of Hepliaklqana.
   364 | D:2      | Found a sparkling altar of Nemelex Xobeh.
   366 | D:2      | Found a hide-covered altar of Uskayaw.
   366 | D:2      | Found a deep blue altar of Sif Muna.
   366 | D:2      | Found a bloodstained altar of Trog.
   366 | D:2      | Found a sacrificial altar of Ru.
   367 | D:2      | Found an iron altar of Okawaru.
   370 | D:2      | Found a shimmering altar of Xom.
   404 | D:3      | Noticed a phantom
   514 | D:3      | Reached XP level 4. HP: 31/41 MP: 4/4
   533 | D:3      | Gained mutation: Your spells are a little easier to cast, but a little less powerful. [potion of mutation]
   533 | D:3      | Lost mutation: Your spells are a little easier to cast, but a little less powerful. [potion of mutation]
   533 | D:3      | Gained mutation: You tend to lose your temper in combat. [potion of mutation]
   573 | D:3      | Killed a phantom
   573 | D:3      | Reached skill level 6 in Axes
   573 | D:3      | Reached XP level 5. HP: 46/47 MP: 5/5
   726 | D:4      | Reached skill level 5 in Fighting
   798 | D:5      | Entered Level 5 of the Dungeon
   802 | D:5      | Reached XP level 6. HP: 42/56 MP: 6/6
   911 | D:5      | Reached ** piety under Trog
   931 | D:5      | Reached skill level 7 in Axes
  1039 | D:6      | Noticed a black bear
  1041 | D:6      | Noticed a black bear
  1051 | D:6      | Killed a black bear
  1051 | D:6      | Reached XP level 7. HP: 33/61 MP: 7/7
  1052 | D:6      | Reached skill level 8 in Axes
  1118 | D:6      | Found a shattered altar of Ashenzari.
  1312 | D:7      | Reached skill level 9 in Axes
  1313 | D:7      | Reached skill level 5 in Armour
  1338 | D:7      | Reached XP level 8. HP: 59/71 MP: 8/8
  1460 | D:7      | Reached *** piety under Trog
  1604 | D:8      | Noticed Erolcha
  1617 | D:8      | Killed Erolcha
  1617 | D:8      | Reached skill level 11 in Axes
  1617 | D:8      | Reached XP level 9. HP: 79/79 MP: 9/9
  1620 | D:8      | Noticed Joseph
  1634 | D:7      | Noticed Aviak's ghost (novice OpAs)
  1792 | D:8      | Killed Joseph
  1820 | D:8      | Reached skill level 12 in Axes
  2076 | D:9      | Reached XP level 10. HP: 88/91 MP: 10/10
  2077 | D:9      | Reached skill level 13 in Axes
  2129 | D:10     | Entered Level 10 of the Dungeon
  2336 | D:11     | Reached skill level 14 in Axes
  2338 | D:11     | Noticed Shenda's ghost (novice TrMo)
  2341 | D:11     | Mangled by Shenda's ghost

Vault maps used:
D:1:      dpeg_arrival_tiny_i, minmay_misc_feat_encased, minmay_tripent
D:2:      fedhas_altar_2, minitemple
D:3:      ecumenical_altar_2, kennysheep_doodads
D:4:      lemuel_castle_with_subvaults, uniq_blork_the_orc, uniq_eustachio
D:5:      grunt_temple_overflow_open, first_bread, serial_shops, shop,
          kennysheep_small_circle
D:6:      nicolae_ashenzari_panopticon, minmay_misc_feat_four_crosses
D:7:      minivault_23
D:8:      david_nohive_1, uniq_joseph, uniq_erolcha
D:10:     uniq_grum
D:11:     minmay_lair_entry_lava, grunt_ministairs_9, columned_hall_lemuel,
          nicolae_blasting_shop

Skill      XL: |  1  2  3  4  5  6  7  8  9 10 |
---------------+-------------------------------+-----
Fighting       | 4 5 6 7 9 |  9.8
Axes           | 5 6 7 9 11 12 14 | 14.0
Armour         | 3 4 5 6 7 8 |  8.7
Dodging        | |  1.5

Action                   |  1- 3 |  4- 6 |  7- 9 | 10-12 || total
-------------------------+-------+-------+-------+-------++-------
Melee: Hand axe          |    37 |   107 |    25 |       ||   169
       War axe           |       |       |   155 |    60 ||   215
Invok: Berserk           |     3 |     4 |     6 |     1 ||    14
       Trog's Hand       |       |     1 |    10 |     2 ||    13
Evoke: Wand              |     1 |     1 |     1 |       ||     3
  Use: Potion            |     1 |     1 |     1 |     2 ||     5
       Scroll            |       |     1 |     7 |       ||     8
  Eat: Chunk             |       |     7 |    14 |     8 ||    29
Armor: Ring mail         |    11 |       |       |       ||    11
       Chain mail        |     8 |    77 |   122 |    38 ||   245
       Skin              |       |       |    21 |       ||    21
Dodge: Dodged            |    13 |    67 |   101 |    26 ||   207
